 Dungeon Crawl Stone Soup version 0.28.0 (webtiles) character file.

Game seed: 17669588582679762354

93 Floobenga the Sneak (level 4, -1/42 HPs)
             Began as a Deep Dwarf Delver on Feb 10, 2022.
             Slain by a wyvern (12 damage)
             ... on level 7 of the Dungeon.
             The game lasted 00:05:57 (105 turns).

Floobenga the Sneak (Deep Dwarf Delver)              Turns: 105, Time: 00:05:57

Health: -1/42      AC:  3    Str: 16 (18) XL:     4   Next: 36%
Magic:  2/2        EV: 11    Int:  9 (10) God:
Gold:   14         SH:  0    Dex: 11 (14) Spells: 3/3 levels left

rFire   . . .      SeeInvis .   a - +0 hand axe
rCold   . . .      Faith    .   (no shield)
rNeg    . . .      Spirit   .   b - +0 leather armour
rPois   .          Reflect  .   (no helmet)
rElec   .          Harm     .   (no cloak)
rCorr   .          Rampage  .   (no gloves)
Will    .....                   (no boots)
Stlth   +++.......              (no amulet)
HPRegen 0.00/turn               (no ring)
MPRegen 0.08/turn               (no ring)

@: hasted, very quick
A: damage resistance, heal wounds, sense surroundings 1, no regeneration
a: Heal Wounds


You were on level 7 of the Dungeon.
You visited 1 branch of the dungeon, and saw 3 of its levels.

You collected 14 gold pieces.

Inventory:

Hand Weapons
 a - a +0 hand axe (weapon)
Armour
 b - a +0 leather armour (worn)
Wands
 D - a wand of digging (3)
Scrolls
 c - a scroll of fog
 e - a scroll of fear
 M - a scroll of magic mapping


   Skills:
 - Level 3.0 Fighting
 + Level 4.9 Axes
 - Level 2.1 Dodging
 - Level 6.0 Stealth


You had 3 spell levels left.
You didn't know any spells.
Your spell library was empty.

Dungeon Overview and Level Annotations

Branches:
Dungeon (7/15)
 Temple: D:4-7

Altars:

Annotations:
D:6 1 exclusion


Innate Abilities, Weirdness & Mutations

You are resistant to damage.
You can heal yourself by infusing magical energy.
You passively map a small area around you.
You do not regenerate.


Message History

The iguana bites you.
You closely miss the iguana.
The iguana is severely wounded.
The iguana bites you but does no damage.
You hit the iguana.
The iguana is severely wounded.
The iguana closely misses you.
You hit the iguana.
You kill the iguana!
Your Fighting skill increases to level 3!
You have reached level 4!
You feel stronger.
Unknown command.
Unknown command.
Found a stone staircase leading down.
You now have 14 gold pieces.
There is a stone staircase leading down here.
You climb downwards.
Found a glowing falchion and a scroll labelled LAVVUTRIPN.
There is a stone staircase leading up here.
Unknown command.
Press: ? - help, v - describe, . - travel
Here: a wyvern (asleep)
The floor.
Okay, then.
Unknown command.
Unknown command.
It was a potion of degeneration.
There was something very wrong with that liquid.
You feel weakened.
You feel dopey.
You feel clumsy. The wyvern bites you!!
* * * LOW HITPOINT WARNING * * *
You feel much better. The wyvern barely misses you. The wyvern bites you!
You feel much better. The wyvern bites you!
It was a potion of curing.
You feel better. The wyvern closely misses you. x2
Okay, then.
Unknown command.
You feel yourself speed up. The wyvern closely misses you.
You hit the wyvern.
The wyvern is lightly wounded.
The wyvern bites you.
You hit the wyvern.
The wyvern is lightly wounded.
The wyvern barely misses you.
You hit the wyvern.
The wyvern is moderately wounded.
The wyvern bites you!
* * * LOW HITPOINT WARNING * * *
The wyvern bites you!
You die...

* * , ***
* * *
#####
#.<.####.#
#......).#
#.@.######
##l## #.#
#.# #.#
#.# #.#
#.# * * *
, ,


You could see a wyvern.

Vanquished Creatures
  A scorpion (D:6)
  An iguana (D:6)
  A white imp (D:6)
3 creatures vanquished.

Notes
Turn   | Place    | Note
-------+----------+-------------------------------------------
     0 | D:5      | Floobenga the Deep Dwarf Delver began the quest for the
                  | Orb.
     0 | D:5      | Reached XP level 1. HP: 20/20 MP: 1/1
    14 | D:6      | Noticed a scorpion
    15 | D:6      | Noticed an iguana
    34 | D:6      | Killed a scorpion
    35 | D:6      | Reached XP level 2. HP: 10/27 MP: 1/1
    35 | D:6      | Reached XP level 3. HP: 13/33 MP: 2/2
    83 | D:6      | Reached skill level 3 in Fighting
    83 | D:6      | Reached XP level 4. HP: 25/42 MP: 2/2
    95 | D:7      | Noticed a wyvern
   105 | D:7      | Slain by a wyvern

Illustrated notes

Levels and vault maps discovered:
D:5:      layout_loops_ring
D:6:      layout_basic, portal_sewer_entry_d, hangedman_glass_teeth,
          uniq_blork_the_orc
D:7:      layout_loops_ring, kennysheep_mini_moat

Skill      XL: |  1  2  3 |
---------------+----------+-----
Axes           | 4 |  4.9
Fighting       | 3 |  3.0
Dodging        | |  2.1
Stealth        | |  6.0

Action                   |  1- 3 |  4- 6 || total
-------------------------+-------+-------++-------
Melee: Hand axe          |    35 |     3 ||    38
       Punch             |     1 |       ||     1
 Abil: Heal Wounds       |     3 |     2 ||     5
  Use: Potion            |       |     3 ||     3
 Stab: Sleeping          |     3 |       ||     3
Armor: Leather armour    |     6 |       ||     6
Dodge: Dodged            |    16 |     5 ||    21
